 Dungeon Crawl Stone Soup version 0.19.4 (console) character file.

39758 Kloppie the Severer (level 13, -2/94 HPs)
             Began as a Minotaur Fighter on Feb 4, 2017.
             Was a High Priest of Ru.
             Killed from afar by a lindwurm (21 damage)
             ... with a blast of flame
             ... on level 5 of the Lair of Beasts.
             The game lasted 00:27:47 (16124 turns).

Kloppie the Severer (Minotaur Fighter)             Turns: 16124, Time: 00:27:47

Health: -2/94      AC: 23    Str: 25    XL:     13   Next: 70%
Magic:  10/10      EV:  8    Int:  5    God:    Ru [*****.]
Gold:   915        SH: 14    Dex: 13    Spells: 0 memorised, 12 levels left

rFire  . . .     SeeInvis .     a - +2 war axe (chop)
rCold  + . .     Gourm    .     F - +0 plate armour
rNeg   + + .     Faith    .     c - +0 shield
rPois  .         Spirit   .     D - +2 hat
rElec  +         Reflect  .     q - +0 cloak of Amelioration {rElec rN++} (curse)
rCorr  .         Harm     .     (no gloves)
MR     +....                    u - +1 pair of boots
Stlth  ..........               (no amulet)
                                K - ring of protection from cold
                                B - ring of protection from magic

@: no scrolls
A: retaliatory headbutt, horns 2, thin skeletal structure 1, frail 2, low mp 1,
shaggy fur 1, inability to read while threatened, no stealth, hated by all,
inexperienced 1
a: Draw Out Power, Power Leap, Apocalypse, Renounce Religion


You were on level 5 of the Lair of Beasts.
You worshipped Ru.
Ru was extremely pleased with you.
You were not hungry.

You visited 3 branches of the dungeon, and saw 17 of its levels.
You also visited: Sewer and Ice Cave.

You collected 1023 gold pieces.
You spent 108 gold pieces at shops.

Inventory:

Hand Weapons
 a - a +2 war axe of chopping (weapon)
 b - a +2 scimitar of flaming
 s - a +3 war axe
 w - the cursed +0 war axe of Anxiety {chop, +Fly rPois Str+3}
   (You found it in an ice cave)

   It inflicts extra damage upon your enemies.
   It affects your strength (+3).
   It protects you from poison.
   It lets you fly.
   It has a curse placed upon it.
Armour
 c - a +0 shield (worn)
 q - the cursed +0 cloak of Amelioration (worn) {rElec rN++}
   (You found it on level 3 of the Lair of Beasts)

   It insulates you from electricity.
   It greatly protects you from negative energy.
   It has a curse placed upon it.
 u - a +1 pair of boots (worn)
 D - a +2 hat (worn)
 F - a +0 plate armour (worn)
Jewellery
 p - an uncursed ring of positive energy
 B - a ring of protection from magic (left hand)
 K - a ring of protection from cold (right hand)
Wands
 k - a wand of paralysis (11/24)
 x - a wand of flame (25/48)
 y - a wand of digging (6/24)
 G - a wand of hasting (3/9)
Scrolls
 e - 7 scrolls of teleportation
 h - 2 scrolls of fog
 l - 4 scrolls of recharging
 r - 6 scrolls of remove curse
 t - 3 scrolls of amnesia
 z - a scroll of enchant armour
 A - 15 scrolls of identify
 C - 2 scrolls of fear
 I - 2 scrolls of enchant weapon
 J - 2 scrolls of blinking
Potions
 d - a potion of might
 i - 8 potions of curing
 j - 5 potions of flight
 n - 2 potions of agility
 H - a potion of resistance
Comestibles
 f - 10 bread rations
 g - 7 meat rations
 m - 9 beef jerkies
 o - 16 fruits
 v - 2 royal jellies
 E - 12 chunks of flesh
 L - a slice of pizza


   Skills:
 - Level 12.2 Fighting
 - Level 16.3 Axes
 + Level 13.5 Armour
 - Level 15.1 Shields


You had 12 spell levels left.
You didn't know any spells.

Dungeon Overview and Level Annotations

Branches:
Dungeon (10/15)            Temple (1/1) D:4            Lair (6/6) D:9
 Shoals (0/4) Lair:4        Snake (0/4) Lair:4        Slime (0/5) Lair:5
    Orc: D:9-12

Altars:
Ashenzari
Cheibriados
Dithmenos
Elyvilon
Fedhas
Gozag
Hepliaklqana
Kikubaaqudgha
Makhleb
Nemelex Xobeh
Okawaru
Qazlal
Ru
Sif Muna
Trog
Uskayaw
Vehumet
Xom
Yredelemnul
Zin
The Shining One
Jiyva

Shops:
D:4 [   D:9 ?


Innate Abilities, Weirdness & Mutations

You reflexively headbutt those who attack you in melee.
You have a pair of horns on your head.
Your magical capacity is low. (-10% MP)
You cannot read scrolls while threatened.
You cannot be stealthy.
You are hated by all.
You are somewhat inexperienced. (-2 XL)
You have a somewhat thin skeletal structure. (Dex +2, Stealth)
You are very frail. (-20% HP)
You are covered in fur. (AC +1)


Message History

You slash the lindwurm! Your headbutt misses the lindwurm.
The lindwurm is moderately wounded.
You slash the water moccasin!
You kill the water moccasin!
You redirect the lindwurm's attack!
The lindwurm bites itself!
The lindwurm closely misses itself.
The lindwurm barely misses itself.
You hit the lindwurm.
The lindwurm is heavily wounded.
You slash the lindwurm!
The lindwurm is severely wounded.
You redirect the lindwurm's attack!
The lindwurm barely misses itself.
The lindwurm claws itself but does no damage.
The lindwurm claws itself!
You barely miss the lindwurm. Your headbutt misses the lindwurm.
The lindwurm is almost dead.
The lindwurm breathes flames at you. The blast of flame hits you!
You die...

........##.........##.P##.######.
........###.P...#..######## ##
...#...## ##....#### ....##.#
#...### .....### ###...##
......####.#+.#.##
.................# ####### ##
.......P...##..k.###P....#######.
......P..+......@'........##.P#..
.......###...#...#....##.........
.......# #>......########....#P..
...##### ###.....## ###.####.
..#.# #..P###.# ### ## #...####
#..###### ######### #......#
##...### ####.#.#.#.# #.#.####
##...#.#####.#.....#...
....#######..#.#..##.....#......#


You could see a lindwurm.

Vanquished Creatures
  Rupert (Lair:3)
  Gastronok (Lair:1)
  Erolcha (D:9)
  4 hydras
  Erica (D:9)
  Urug (Lair:3)
  The ghost of pisklak the Unseen, a journeyman VSEn of Dithmenos (Lair:3)
  An unseen horror (D:10)
  2 hill giants (D:10)
  A necromancer (IceCv)
  Pikel (D:8)
  5 elephants (Lair:3)
  A manticore (Lair:4)
  3 ice statues (IceCv)
  A black mamba (Lair:5)
  Maurice (D:9)
  Joseph (D:8)
  2 molten gargoyles (Lair:3)
  6 spiny frogs
  7 komodo dragons
  3 rime drakes
  10 ice devils (IceCv)
  The ghost of flsc the Covered, an amateur MiFi (D:3)
  Prince Ribbit (D:8)
  21 blink frogs
  3 hippogriffs
  A spriggan (D:10)
  A wyvern (Lair:5)
  A basilisk (Lair:3)
  2 hungry ghosts
  35 yaks
  A fire elemental (Lair:2)
  5 vampire mosquitoes (Lair:2)
  An insubstantial wisp (Lair:2)
  8 water moccasins
  3 nagas (Lair:4)
  2 hell hounds (D:9)
  10 porcupines
  Purgy (Sewer)
  An ice beast (D:8)
  2 black bears
  2 orc warriors
  3 slaves (D:8)
  A sky beast (D:9)
  4 phantoms
  An eye of draining (D:10)
  3 ogres
  3 centaurs
  13 wolves
  7 crocodiles
  23 bullfrogs
  A wyvern skeleton (D:9)
  2 scorpions
  6 wights (D:8)
  An electric eel (Lair:2)
  7 howler monkeys
  4 crimson imps
  6 lava snakes
  A bullfrog zombie (D:8)
  A draconian simulacrum (IceCv)
  2 centaur zombies
  3 hounds
  3 jellies
  An orc priest (D:7)
  4 iguanas
  2 bullfrog skeletons
  6 worker ants
  3 troll simulacra (IceCv)
  10 orc wizards
  A spriggan simulacrum (IceCv)
  2 centaur simulacra (IceCv)
  A hound zombie (D:5)
  A hound skeleton (D:4)
  7 gnolls
  2 naga simulacra (IceCv)
  An ogre simulacrum (IceCv)
  8 adders
  12 white imps
  An ooze (D:5)
  An adder skeleton (D:7)
  3 worms
  11 leopard geckos
  21 orcs
  A ball python (D:6)
  6 bats (D:1)
  6 giant cockroaches
  7 goblins
  5 hobgoblins
  9 jackals
  7 kobolds
  4 quokkas
  4 frilled lizards
  A leopard gecko skeleton (D:6)
  5 rats
  A spectral orc (D:5)
  2 fungi (Lair:5)
  3 plants
411 creatures vanquished.

Vanquished Creatures (others)
  A hydra (Lair:4)
  A blink frog (Lair:5)
  2 hippogriffs
  A wolf (Lair:5)
  A bullfrog (Lair:4)
  An orc (D:9)
  A fungus (Lair:2)
  4 plants
12 creatures vanquished.

Grand Total: 423 creatures vanquished

Notes
Turn   | Place    | Note
-------+----------+-------------------------------------------
     0 | D:1      | Kloppie the Minotaur Fighter began the quest for the Orb.
     0 | D:1      | Reached XP level 1. HP: 19/19 MP: 0/0
   149 | D:1      | Reached XP level 2. HP: 26/27 MP: 1/1
   621 | D:2      | Reached XP level 3. HP: 33/35 MP: 2/2
   807 | D:2      | Reached skill level 3 in Axes
   972 | D:2      | Reached skill level 5 in Fighting
  1296 | D:3      | Found a blossoming altar of Fedhas.
  1509 | D:3      | Reached XP level 4. HP: 2/42 MP: 3/3
  1845 | D:3      | Noticed flsc's ghost (amateur MiFi)
  1854 | D:3      | Killed flsc's ghost
  1854 | D:3      | Reached skill level 4 in Axes
  1854 | D:3      | Reached XP level 5. HP: 10/52 MP: 4/4
  1854 | D:3      | Reached XP level 6. HP: 11/60 MP: 5/5
  2453 | D:4      | Found a stormy altar of Qazlal.
  2489 | D:4      | Found Vaoq's Antique Armour Boutique.
  2492 | D:4      | Bought a cloak for 108 gold pieces
  2533 | D:4      | Reached skill level 5 in Axes
  2636 | D:4      | Reached XP level 7. HP: 68/68 MP: 6/6
  2784 | D:4      | Found a staircase to the Ecumenical Temple.
  3145 | Temple   | Entered the Ecumenical Temple
  3379 | Temple   | Became a worshipper of Ru the Awakened
  3508 | D:5      | Entered Level 5 of the Dungeon
  3513 | D:5      | Reached skill level 5 in Armour
  3592 | D:5      | Reached skill level 6 in Axes
  4210 | D:5      | Found a basalt altar of Yredelemnul.
  4700 | D:6      | Reached XP level 8. HP: 50/74 MP: 7/7
  4795 | D:6      | Reached skill level 7 in Axes
  4985 | D:6      | Reached skill level 8 in Axes
  5051 | D:6      | Found a glowing drain.
  5057 | D:6      | Gained mutation: You cannot read scrolls while threatened. [Ru sacrifice]
  5057 | D:6      | Reached * piety under Ru
  5059 | Sewer    | Entered a sewer
  5149 | Sewer    | Noticed Purgy
  5158 | Sewer    | Killed Purgy
  5213 | Sewer    | Gained mutation: You are frail. (-10% HP) [potion of mutation]
  5213 | Sewer    | Gained mutation: You have a somewhat thin skeletal structure. (Dex +2, Stealth) [potion of mutation]
  5213 | Sewer    | Gained mutation: Your magical capacity is low. (-10% MP) [potion of mutation]
  5528 | D:7      | Reached skill level 9 in Axes
  5584 | D:7      | Reached skill level 10 in Axes
  5797 | D:7      | Found an ancient bone altar of Kikubaaqudgha.
  5861 | D:7      | Found a snail-covered altar of Cheibriados.
  5921 | D:7      | Reached XP level 9. HP: 34/72 MP: 7/7
  6148 | D:7      | Reached skill level 11 in Axes
  6372 | D:7      | Found a glowing silver altar of Zin.
  6381 | D:7      | Found a bloodstained altar of Trog.
  6500 | D:7      | Found a burning altar of Makhleb.
  6768 | D:8      | Reached skill level 12 in Axes
  6863 | D:8      | Noticed Prince Ribbit
  6876 | D:8      | Killed Prince Ribbit
  6894 | D:8      | Reached skill level 13 in Axes
  6895 | D:8      | Noticed Pikel
  6902 | D:8      | Killed Pikel
  7017 | D:8      | Noticed Joseph
  7032 | D:8      | Killed Joseph
  7032 | D:8      | Reached skill level 14 in Axes
  7032 | D:8      | Reached XP level 10. HP: 55/79 MP: 8/8
  7158 | D:8      | Gained mutation: You are somewhat inexperienced. (-2 XL) [Ru sacrifice]
  7158 | D:8      | Reached XP level 9. HP: 72/72 MP: 16/16
  7158 | D:8      | Reached XP level 8. HP: 66/66 MP: 15/15
  7158 | D:8      | Reached ** piety under Ru
  7158 | D:8      | Reached *** piety under Ru
  7399 | D:9      | Found Vanlirol's Magic Scroll Emporium.
  7659 | D:9      | Noticed Maurice
  7683 | D:9      | Killed Maurice
  7770 | D:9      | Identified a scroll of acquirement
  7771 | D:9      | Got a steaming executioner's axe
  7772 | D:9      | Identified the +0 executioner's axe of Zuhoi {venom, Stlth+} (You acquired it on level 9 of the Dungeon)
  7820 | D:9      | Found a staircase to the Lair.
  7845 | D:9      | Reached skill level 15 in Axes
  7849 | D:9      | Reached XP level 9. HP: 29/72 MP: 7/7
  8059 | D:9      | Lost mutation: Your magical capacity is low. (-10% MP) [mutagenic meat]
  8060 | D:9      | Gained mutation: You are very frail. (-20% HP) [mutagenic meat]
  8062 | D:9      | Gained mutation: You are covered in fur. (AC +1) [mutagenic meat]
  8156 | D:9      | Noticed Erolcha
  8170 | D:9      | Killed Erolcha
  8175 | D:9      | Noticed Erica
  8199 | D:9      | HP: 3/64 [something (1)]
  8208 | D:9      | Killed Erica
  8208 | D:9      | Reached skill level 16 in Axes
  8409 | D:10     | Entered Level 10 of the Dungeon
  8651 | D:10     | Noticed an unseen horror
  8655 | D:10     | Killed an unseen horror
  8655 | D:10     | Reached XP level 10. HP: 24/72 MP: 9/9
  8915 | D:10     | Noticed a hill giant
  8928 | D:10     | Killed a hill giant
  9096 | D:10     | Reached skill level 10 in Fighting
  9232 | D:10     | Noticed a hill giant
  9241 | D:10     | Killed a hill giant
  9323 | D:10     | Gained mutation: You are hated by all. [Ru sacrifice]
  9323 | D:10     | Reached **** piety under Ru
  9476 | Lair:1   | Entered Level 1 of the Lair of Beasts
  9548 | Lair:1   | Found a frozen archway.
  9587 | IceCv    | Entered an ice cave
  9606 | IceCv    | Reached XP level 11. HP: 52/83 MP: 10/10
  9909 | IceCv    | Reached skill level 5 in Shields
 10213 | IceCv    | Noticed a necromancer
 10219 | IceCv    | Killed a necromancer
 10233 | IceCv    | Got a translucent war axe
 10234 | IceCv    | Identified the cursed +0 war axe of Anxiety {chop, +Fly rPois Str+3} (You found it in an ice cave)
 10547 | Lair:1   | Noticed Gastronok
 10561 | Lair:1   | Killed Gastronok
 10561 | Lair:1   | Reached skill level 10 in Shields
 11057 | Lair:2   | Reached XP level 12. HP: 56/89 MP: 11/11
 11402 | Lair:2   | Gained mutation: Your magical capacity is low. (-10% MP) [Ru sacrifice]
 12557 | Lair:3   | Noticed Urug
 12569 | Lair:3   | Killed Urug
 12686 | Lair:3   | Noticed a five-headed hydra
 12698 | Lair:3   | Killed a one-headed hydra
 12796 | Lair:3   | Got an encrusted cloak
 12807 | Lair:3   | Identified the cursed +0 cloak of Amelioration {rElec rN++} (You found it on level 3 of the Lair of Beasts)
 12931 | Lair:3   | Noticed pisklak's ghost (journeyman VSEn)
 12951 | Lair:3   | Killed pisklak's ghost
 13168 | Lair:3   | Reached skill level 15 in Shields
 13234 | Lair:3   | Reached XP level 13. HP: 34/94 MP: 10/10
 13498 | Lair:3   | Noticed Rupert
 13531 | Lair:3   | Killed Rupert
 13790 | Lair:3   | Gained mutation: You cannot be stealthy. [Ru sacrifice]
 13790 | Lair:3   | Reached ***** piety under Ru
 13982 | Lair:4   | Reached skill level 10 in Armour
 14161 | Lair:4   | Found a staircase to the Shoals.
 14436 | Lair:4   | Found a staircase to the Snake Pit.
 15233 | Lair:5   | Found a viscous altar of Jiyva.
 15233 | Lair:5   | Found a staircase to the Slime Pits.
 15746 | Lair:6   | Entered Level 6 of the Lair of Beasts
 16124 | Lair:5   | Killed from afar by a lindwurm

Skill      XL: |  1  2  3  4  5  6  7  8  9 10 11 12 13 |
---------------+----------------------------------------+-----
Fighting       | 4 5 7 8 9 12 | 12.2
Axes           | 3 4 5 6 15 16 | 16.3
Armour         | 6 7 8 13 | 13.5
Shields        | 11 15 | 15.1

Action                   |  1- 3 |  4- 6 |  7- 9 | 10-12 | 13-15 || total
-------------------------+-------+-------+-------+-------+-------++-------
Melee: War axe           |   120 |    67 |   401 |   509 |   218 ||  1315
       Headbutt          |    17 |    11 |    71 |   118 |    58 ||   275
       Scimitar          |       |       |       |     6 |    18 ||    24
Invok: Sacrifice Words   |       |       |     1 |       |       ||     1
       Sacrifice Experie |       |       |     1 |       |       ||     1
       Draw Out Power    |       |       |     1 |     1 |     1 ||     3
       Sacrifice Love    |       |       |       |     1 |       ||     1
       Sacrifice Essence |       |       |       |     1 |       ||     1
       Sacrifice Stealth |       |       |       |       |     1 ||     1
       Reject Sacrifices |       |       |       |       |     1 ||     1
Evoke: Wand              |       |       |       |     3 |       ||     3
  Use: Potion            |       |     1 |    13 |       |       ||    14
       Scroll            |       |       |    20 |     4 |       ||    24
 Stab: Invisible         |       |       |     1 |     7 |     2 ||    10
       Paralysed         |       |       |       |     4 |       ||     4
       Distracted        |       |       |       |     5 |     3 ||     8
  Eat: Chunk             |     2 |     4 |    26 |    13 |    10 ||    55
       Royal jelly       |       |       |       |     1 |       ||     1
Armor: Scale mail        |    65 |    33 |    90 |       |       ||   188
       Plate armour      |       |       |    66 |   171 |   121 ||   358
Dodge: Dodged            |    44 |    17 |    91 |    54 |    50 ||   256
Block: Shield            |    64 |    40 |   150 |   186 |   157 ||   597
       Rpst.: Scimitar   |       |       |       |       |     1 ||     1
